[Event "Team 45 45 League T59"]
[Site "Internet Chess Club"]
[Date "2013.12.09"]
[Round "3"]
[White "drsigmund1"]
[Black "GideonL"]
[Result "1-0"]
[WhiteElo "1631"]
[BlackElo "1471"]
[Opening "Queen's pawn game, Chigorin variation"]
[ECO "D02"]
[Time "20:00:27"]
[TimeControl "2700+45"]

1. d4 d5 2. Nf3 Nc6 3. Bf4 Nf6 4. e3 Bg4 5. Be2 e6 6. Nbd2 Bd6 7. Ne5 Bxe2 8.
Qxe2 Bxe5 9. dxe5 Nd7 10. Qg4 g6 11. Bg5 Ndxe5 12. Qh4 Qd6 13. Bf6 Rg8 14. Qxh7
Kd7 15. f4 Qc5 16. fxe5 Qxe3+ 17. Kd1 Raf8 18. Bg7 Re8 19. Rf1 Nd8 20. Bh6 Qxe5
21. Rxf7+ Nxf7 22. Qxf7+ Kc6 23. Bf4 Qg7 24. Qxg7 Rxg7 25. Be5 Rf7 26. Ke2 g5
27. Rf1 Rf5 28. Bg3 d4 29. Kd3 Rd5 30. Rf7 e5 31. Ne4 Rb5 32. b3 g4 33. a4 Rd5
34. Rg7 Rf8 35. Rg6+ Kd7 36. Nf6+ Ke6 37. Nxd5+ Kxd5 38. Rxg4 Re8 {Black
resigns} 1-0

[Event "Team 45 45 League T59"]
[Site "Internet Chess Club"]
[Date "2013.12.07"]
[Round "3"]
[White "Toalla"]
[Black "Leon13"]
[Result "1-0"]
[WhiteElo "1328"]
[BlackElo "1348"]
[Opening "Pirc defense"]
[ECO "B07"]
[Time "13:01:03"]
[TimeControl "2700+45"]

1. d4 d6 2. e4 Nf6 3. Nc3 e6 4. Nf3 c6 5. Bd3 Qc7 6. Be3 Be7 7. O-O O-O 8. Re1
e5 9. h3 h6 10. Rc1 Nbd7 11. a3 b5 12. d5 cxd5 13. Nxd5 Nxd5 14. exd5 Rb8 15. c4
bxc4 16. Rxc4 Qd8 17. b4 Ba6 18. Rc6 Bxd3 19. Qxd3 Nf6 20. Bxa7 Ra8 21. Bb6 Qd7
22. Rc7 Qe8 23. Nxe5 Qb8 24. Nc6 Qxb6 25. Rexe7 Rac8 26. Rb7 Nxd5 27. Rxb6 Nxb6
28. Qb5 Na8 29. Rb7 Nc7 30. Qd3 Rfe8 31. Qxd6 {Black resigns} 1-0

[Event "Team 45 45 League T59"]
[Site "Internet Chess Club"]
[Date "2013.12.11"]
[Round "3"]
[White "Andaluz"]
[Black "Tribe97"]
[Result "1/2-1/2"]
[WhiteElo "1192"]
[BlackElo "1367"]
[Opening "Sicilian defense"]
[ECO "B44"]
[Time "15:33:56"]
[TimeControl "2700+45"]

1. e4 c5 2. Nf3 e6 3. d4 cxd4 4. Nxd4 Nc6 5. Nxc6 bxc6 6. a3 Nf6 7. Nc3 Be7 8.
Be2 Qc7 9. g3 d5 10. Bf4 e5 11. Bg5 d4 12. Bxf6 Bxf6 13. Na4 O-O 14. O-O Bh3 15.
Re1 c5 16. b3 Rfd8 17. Nb2 Bg5 18. Bg4 Bxg4 19. Qxg4 Qe7 20. Rad1 a5 21. a4 Ra6
22. Nc4 Rg6 23. Qf5 Bf4 24. Nxa5 Rg5 25. Qh3 Rd6 26. Nc4 Rh6 27. Qc8+ Qf8 28.
Qxf8+ Kxf8 29. Kg2 {Game drawn by mutual agreement} 1/2-1/2

[Event "Team 45 45 League T59"]
[Site "Internet Chess Club"]
[Date "2013.12.04"]
[Round "3"]
[White "Tribe97"]
[Black "GideonL"]
[Result "1/2-1/2"]
[WhiteElo "1375"]
[BlackElo "1481"]
[Opening "English opening"]
[ECO "A20"]
[Time "16:00:31"]
[TimeControl "2700+45"]

1. c4 e5 2. g3 Nf6 3. Bg2 Nc6 4. Nc3 b6 5. d3 Bb7 6. Nf3 Bc5 7. Nxe5 h6 8. Nxc6
Bxc6 9. Bxc6 dxc6 10. O-O O-O 11. Bf4 Bd6 12. Qd2 Re8 13. e4 Bxf4 14. Qxf4 Qxd3
15. Qxc7 Qxc4 16. f3 Qc5+ 17. Kg2 Rec8 18. Qf4 a5 19. Rfe1 Re8 20. Qe3 Qxe3 21.
Rxe3 Rad8 22. Rd1 Rxd1 23. Nxd1 Rd8 24. Nc3 Kf8 25. e5 Nd5 26. Nxd5 Rxd5 27. Re2
Ke7 28. f4 Ke6 29. a3 b5 30. Kf2 c5 31. Ke1 b4 32. axb4 axb4 33. Rd2 Rxd2 34.
Kxd2 g6 35. Kd3 Kd5 36. b3 g5 37. h3 Ke6 38. Kc4 gxf4 39. gxf4 Kf5 40. Kxc5 Kxf4
41. Kxb4 Kxe5 42. Kc5 f5 43. b4 f4 44. b5 f3 45. b6 f2 46. b7 f1=Q 47. b8=Q+ Ke4
48. Qe8+ {Game drawn by mutual agreement} 1/2-1/2

[Event "Team 45 45 League T59"]
[Site "Internet Chess Club"]
[Date "2013.12.09"]
[Round "3"]
[White "akshayk06"]
[Black "kabubi"]
[Result "0-1"]
[WhiteElo "1466"]
[BlackElo "1182"]
[Opening "Two knights defense (Modern bishop's opening)"]
[ECO "C55"]
[Time "12:00:39"]
[TimeControl "2700+45"]

1. e4 e5 2. Nf3 Nc6 3. Bc4 Nf6 4. d3 d5 5. exd5 Nxd5 6. O-O Bg4 7. Re1 Qd6 8.
Re4 Nf6 9. Re1 Be7 10. Nbd2 O-O 11. Ne4 Qd7 12. c3 Rad8 13. Qb3 Na5 14. Qb5 Nxc4
15. Qxc4 Bxf3 16. gxf3 Qxd3 17. Qxd3 Rxd3 18. Be3 Nxe4 19. fxe4 Rfd8 20. Kf1 b6
21. Ke2 R3d6 22. Rad1 Rxd1 23. Rxd1 Rxd1 24. Kxd1 c5 25. a4 h6 26. Ke2 g5 27.
Kf3 Kg7 28. Kg4 Kf6 29. h4 gxh4 30. Kxh4 Kg6+ 31. Kg4 h5+ 32. Kh3 f5 33. exf5+
Kxf5 34. Kg3 Bg5 35. Bxg5 Kxg5 36. f3 h4+ 37. Kg2 Kf4 38. b4 h3+ 39. Kxh3 Kxf3
40. bxc5 bxc5 41. Kh2 {White resigns} 0-1

[Event "Team 45 45 League T59"]
[Site "Internet Chess Club"]
[Date "2013.12.07"]
[Round "3"]
[White "Rococo"]
[Black "stantheman59"]
[Result "0-1"]
[WhiteElo "1259"]
[BlackElo "1179"]
[Opening "Queen's pawn"]
[ECO "A40"]
[Time "14:00:52"]
[TimeControl "2700+45"]

1. d4 e6 2. Nf3 d5 3. Bf4 Nf6 4. e3 c5 5. c3 Nc6 6. Bb5 Bd7 7. Nbd2 cxd4 8. exd4
a6 9. Bd3 Bc8 10. Qc2 Bd6 11. Bg3 Bxg3 12. hxg3 g6 13. O-O-O Qa5 14. b3 b5 15.
Ne5 Nxe5 16. dxe5 Ng4 17. Nf1 Bb7 18. Qe2 Qxc3+ 19. Kb1 Nxe5 20. Bxb5+ axb5 21.
Qxb5+ Bc6 22. Qe2 Nc4 23. Nh2 Na3# {White checkmated} 0-1

[Event "Team 45 45 League T59"]
[Site "Internet Chess Club"]
[Date "2013.12.08"]
[Round "3"]
[White "WzeroMN"]
[Black "wildangels"]
[Result "1/2-1/2"]
[WhiteElo "1141"]
[BlackElo "1165"]
[Opening "Ruy Lopez: exchange variation"]
[ECO "C68"]
[Time "17:00:23"]
[TimeControl "2700+45"]

1. e4 e5 2. Nf3 Nc6 3. Bb5 a6 4. Bxc6 dxc6 5. d3 Nf6 6. Bg5 Bg4 7. Nbd2 Bb4 8.
O-O Qd6 9. Nc4 Qe6 10. Ne3 h6 11. Bxf6 Qxf6 12. Nxg4 Qg6 13. Ngxe5 Qf6 14. Nc4
b5 15. e5 Qf5 16. Ncd2 Rd8 17. a3 Bc5 18. Re1 Bd4 19. Nxd4 Rxd4 20. Qf3 Qxf3 21.
Nxf3 Rd5 22. e6 f6 23. Nh4 h5 24. Ng6 Rh6 25. Nf4 Rf5 26. Nh3 g5 27. f3 g4 28.
fxg4 hxg4 29. Nf2 g3 30. hxg3 Rg5 31. Re4 f5 32. Rh4 Rxe6 33. Kf1 Rxg3 34. Rh3
Rg5 35. Re1 Rxe1+ 36. Kxe1 Rxg2 37. Re3+ Kf7 38. Rf3 Kf6 39. Ne4+ Ke5 40. Nf2
Rg1+ 41. Kd2 Rg2 42. Re3+ Kd4 43. Re2 Rg1 44. c3+ Kd5 45. d4 c5 46. dxc5 Kxc5
47. Re5+ Kc4 48. Rxf5 Rf1 49. Rf4+ Kb3 50. Rb4+ Ka2 51. Nd3 Kb1 52. Ke2 Rf8 53.
Rf4 Re8+ 54. Kd2 Rd8 55. Rf1+ Ka2 56. Kc2 Rxd3 57. Kxd3 Kxb2 58. Rf4 Kxa3 59.
Kd4 Kb3 60. Rf3 Ka4 61. Kc5 a5 62. Kc6 b4 63. c4 b3 64. Kxc7 b2 65. Rf1 Kb4 66.
Rb1 Kb3 67. c5 a4 68. c6 a3 69. Kd7 a2 70. Rxb2+ Kxb2 71. c7 a1=Q 72. c8=Q Qa4+
73. Qc6 Qg4+ 74. Qe6 Qxe6+ 75. Kxe6 {Game drawn because neither player has
mating material} 1/2-1/2

[Event "Team 45 45 League T59"]
[Site "Internet Chess Club"]
[Date "2013.12.04"]
[Round "3"]
[White "Aquaman"]
[Black "bardu"]
[Result "1-0"]
[WhiteElo "1390"]
[BlackElo "1172"]
[Opening "Réti: King's Indian attack"]
[ECO "A08"]
[Time "15:03:33"]
[TimeControl "2700+45"]

1. Nf3 d5 2. g3 c5 3. Bg2 Nf6 4. d3 Bg4 5. Nbd2 Nc6 6. c3 e6 7. O-O Bd6 8. Re1
O-O 9. h3 Bxf3 10. Bxf3 Qc7 11. Nf1 d4 12. Bg5 Be5 13. c4 Ne7 14. Rb1 Rab8 15.
b4 b6 16. a3 Nf5 17. Kg2 h6 18. Bd2 g5 19. Qc1 g4 20. hxg4 Ng7 21. Bxh6 Nfe8 22.
b5 f5 23. gxf5 Rxf5 24. Bg4 Qb7+ 25. Bf3 Qf7 26. Qd1 Nh5 27. e4 Nf4+ 28. Bxf4
Bxf4 29. exf5 Qg7 30. fxe6 Bd6 31. Bh5 Nf6 32. Bf7+ Kh8 33. Nd2 Rf8 34. Rh1+ Nh7
35. Rh2 Be7 36. Qh5 Ra8 37. Rbh1 a6 38. Qxh7+ Qxh7 39. Rxh7# {Black checkmated}
1-0

[Event "Team 45 45 League T59"]
[Site "Internet Chess Club"]
[Date "2013.12.08"]
[Round "3"]
[White "rhayder"]
[Black "semperfi"]
[Result "0-1"]
[WhiteElo "1223"]
[BlackElo "1396"]
[Opening "French: Rubinstein variation"]
[ECO "C03"]
[Time "12:17:51"]
[TimeControl "2700+45"]

1. e4 e6 2. d4 d5 3. Nd2 dxe4 4. Nxe4 Nd7 5. Nf3 Ngf6 6. Bd3 Nxe4 7. Bxe4 Nf6 8.
Qd3 Nxe4 9. Qxe4 Be7 10. O-O O-O 11. Be3 f5 12. Qd3 Bd7 13. Ne5 Be8 14. Rfe1 Bd7
15. Rad1 Bf6 16. Nxd7 Qxd7 17. Qb3 c6 18. c3 Qf7 19. Bf4 Rfe8 20. Be5 b5 21.
Bxf6 Qxf6 22. Re5 Re7 23. Rde1 Rae8 24. Qd1 Qg6 25. Qf3 Rc8 26. Qe2 Kf7 27. Kf1
a5 28. Qf3 h5 29. Rc5 Rec7 30. Qf4 Rd7 31. Qe5 Qf6 32. Qxf6+ Kxf6 33. Re3 g5 34.
Ke2 Rd5 35. Rxd5 cxd5 36. Kd3 Re8 37. Re5 f4 38. Kc2 a4 39. f3 Rc8 40. b3 axb3+
41. axb3 b4 42. c4 dxc4 43. Rc5 Rxc5 44. dxc5 c3 45. Kd3 Ke7 46. g3 Kd7 47. gxf4
gxf4 48. h3 Kc6 49. h4 Kxc5 50. Kc2 Kd4 51. Kd1 e5 52. Kc2 e4 53. fxe4 Kxe4 54.
Kd1 Ke3 55. Ke1 c2 56. Kf1 f3 57. Ke1 c1=Q# {White checkmated} 0-1

[Event "Team 45 45 League T59"]
[Site "Internet Chess Club"]
[Date "2013.12.08"]
[Round "3"]
[White "RobertBuice"]
[Black "chips"]
[Result "1-0"]
[WhiteElo "1051"]
[BlackElo "1111"]
[Opening "Queen's pawn: English defense"]
[ECO "A40"]
[Time "16:29:24"]
[TimeControl "2700+45"]

1. d4 b6 2. e4 Bb7 3. Nc3 d5 4. e5 e6 5. Bd3 Nc6 6. Nf3 g6 7. O-O Bg7 8. Bf4 f5
9. exf6 Nxf6 10. Ng5 Qe7 11. Re1 Nxd4 12. h3 O-O-O 13. Be3 Bh6 14. h4 Nc6 15.
Nxe6 Bxe3 16. Rxe3 Rd6 17. Ng5 Qd7 18. Qe2 Re8 19. Nb5 Rxe3 20. fxe3 d4 21.
Nxd6+ Qxd6 22. Nf7 Qg3 23. exd4 Nxd4 24. Qf1 Nf3+ 25. Qxf3 Bxf3 26. Bf1 Bd5 27.
Rd1 Bxf7 28. Ba6+ {Black resigns} 1-0

[Event "Team 45 45 League T59"]
[Site "Internet Chess Club"]
[Date "2013.12.08"]
[Round "3"]
[White "arconia"]
[Black "artspir"]
[Result "1-0"]
[WhiteElo "1260"]
[BlackElo "1241"]
[Opening "Caro-Kann defense"]
[ECO "B10"]
[Time "11:00:38"]
[TimeControl "2700+45"]

1. e4 c6 2. Nf3 d5 3. e5 Bf5 4. d4 h6 5. Be2 e6 6. O-O Bb4 7. a3 Ba5 8. b4 Bc7
9. h3 Ne7 10. Nh2 Nd7 11. Nc3 O-O 12. Ng4 Bxg4 13. Bxg4 Ng6 14. g3 Qe7 15. f4 f6
16. Bxe6+ Qxe6 17. f5 Qe8 18. e6 Nb6 19. Qg4 Ne7 20. Bxh6 Nxf5 21. Qxf5 gxh6 22.
Kg2 Nc4 23. Rae1 Bb6 24. Qg4+ Kh8 25. Qh4 Qg6 26. Rf2 Nb2 27. e7 Rf7 28. e8=Q+
Rxe8 29. Rxe8+ Kh7 30. b5 c5 31. Nxd5 Kg7 32. Nf4 Qf5 33. Ne6+ Qxe6 34. Rxe6 Nd1
35. Qg4+ Kh7 36. Qxd1 cxd4 37. Qd3+ Kg7 38. Re8 Bc7 39. Qxd4 Be5 40. Qg4+ Kh7
41. Qg8# {Black checkmated} 1-0

[Event "Team 45 45 League T59"]
[Site "Internet Chess Club"]
[Date "2013.12.08"]
[Round "3"]
[White "Bizzy-Ketty"]
[Black "guyd52"]
[Result "1-0"]
[WhiteElo "1568"]
[BlackElo "1313"]
[Opening "Pirc: classical (two knights) system"]
[ECO "B08"]
[Time "19:00:32"]
[TimeControl "2700+45"]

1. e4 d6 2. d4 Nf6 3. Nc3 g6 4. Nf3 Bg7 5. Bc4 e6 6. Bg5 Qd7 7. O-O Qc6 8. Bb5
Bd7 9. Bxc6 Bxc6 10. Re1 O-O 11. Qd2 Re8 12. Bxf6 Bxf6 13. Qh6 Bg7 14. Qh4 f6
15. Rad1 Na6 16. a3 Rad8 17. b4 Nb8 18. Qh3 Bd7 19. Qg3 a6 20. h3 Rf8 21. Nd2 b5
22. Nb3 Nc6 23. d5 Ne5 24. Nd4 Rfe8 25. dxe6 Bxe6 26. Nxe6 Rxe6 27. Nd5 Rd7 28.
f4 Nc4 29. f5 Re5 30. fxg6 hxg6 31. Qxg6 Rg5 32. Qe8+ Kh7 33. Qxd7 Kg6 34. Nf4+
Kh6 35. Qxc7 Nxa3 36. Ne6 Rg3 37. Nxg7 Rxg7 38. Qxd6 Rg6 39. Qf4+ Rg5 40. Qxf6+
Kh5 41. g4+ Rxg4+ 42. hxg4+ Kxg4 43. Re2 Nxc2 44. Rg2+ Kh5 45. Qh8# {Black
checkmated} 1-0

[Event "Team 45 45 League T59"]
[Site "Internet Chess Club"]
[Date "2013.12.06"]
[Round "3"]
[White "Toalla"]
[Black "ILoveChess108"]
[Result "1-0"]
[WhiteElo "1309"]
[BlackElo "1122"]
[Opening "QGD Slav: 4.Nc3"]
[ECO "D15"]
[Time "18:02:06"]
[TimeControl "2700+45"]

1. d4 d5 2. c4 c6 3. Nf3 Nf6 4. Nc3 Bf5 5. Nh4 Bg6 6. Nxg6 hxg6 7. e3 e6 8. cxd5
cxd5 9. Qa4+ Qd7 10. Bb5 Nc6 11. O-O Bd6 12. f4 Qc8 13. Re1 a6 14. Bxc6+ Qxc6
15. Qxc6+ bxc6 16. e4 g5 17. e5 gxf4 18. exd6 Kd7 19. Bxf4 Nh5 20. Na4 Rab8 21.
Nc5+ Kd8 22. Bg5+ f6 23. Nxe6+ Kd7 24. Nc5+ Kxd6 25. Re6+ Kc7 26. Nxa6+ Kb7 27.
Nxb8 Rxb8 {Black resigns} 1-0

[Event "Team 45 45 League T59"]
[Site "Internet Chess Club"]
[Date "2013.12.07"]
[Round "3"]
[White "RockingCHESS"]
[Black "wekabird"]
[Result "1-0"]
[WhiteElo "1139"]
[BlackElo "1055"]
[Opening "Queen's pawn game"]
[ECO "D02"]
[Time "16:00:43"]
[TimeControl "2700+45"]

1. d4 d5 2. Nf3 c6 3. e3 Nf6 4. Bd3 b6 5. O-O Ba6 6. b3 Bxd3 7. Qxd3 e6 8. c4
dxc4 9. Qxc4 b5 10. Qd3 Be7 11. Nc3 Nbd7 12. a4 O-O 13. axb5 Nc5 14. Qe2 Nxb3
15. Rb1 Nxc1 16. Rfxc1 Ba3 17. Rd1 Rb8 18. bxc6 Rxb1 19. Rxb1 Qc7 20. Nb5 Qb6
21. Qd3 a6 22. Nxa3 g6 23. Rxb6 Nd5 24. Rb7 a5 25. Qa6 Nc3 26. Qa7 Nd5 27. Ne5
Nb4 28. Nxf7 Rxf7 29. Rxf7 Nxc6 30. Rg7+ Kh8 31. Rxh7+ {Black resigns} 1-0

[Event "Team 45 45 League T59"]
[Site "Internet Chess Club"]
[Date "2013.12.07"]
[Round "3"]
[White "xt"]
[Black "Grenadier"]
[Result "1-0"]
[WhiteElo "1668"]
[BlackElo "1687"]
[Opening "Caro-Kann: exchange variation"]
[ECO "B13"]
[Time "20:00:55"]
[TimeControl "2700+45"]

1. e4 c6 2. d4 d5 3. exd5 cxd5 4. Bd3 Nc6 5. c3 Qc7 6. Nf3 Nf6 7. O-O Bg4 8. h3
Bh5 9. Bg5 e6 10. Nbd2 Bd6 11. Re1 O-O-O 12. b4 Kb8 13. a4 Rhe8 14. Qc2 Bg6 15.
Bxg6 hxg6 16. Qb3 Rc8 17. a5 Bf4 18. Bxf4 Qxf4 19. b5 Nd8 20. c4 dxc4 21. Nxc4
Re7 22. Nce5 Nd5 23. Nd3 Qd6 24. Nc5 b6 25. axb6 Nxb6 26. Qa3 Qd5 27. Na6+ Ka8
28. Qxe7 Qxb5 29. Nc7+ {Black resigns} 1-0

[Event "Team 45 45 League T59"]
[Site "Internet Chess Club"]
[Date "2013.12.09"]
[Round "3"]
[White "GoIrish"]
[Black "rookmaster23"]
[Result "1-0"]
[WhiteElo "1660"]
[BlackElo "1621"]
[Opening "Réti: King's Indian attack"]
[ECO "A05"]
[Time "20:38:24"]
[TimeControl "2700+45"]

1. Nf3 Nf6 2. g3 g6 3. Bg2 Bg7 4. O-O O-O 5. d3 d5 6. Nbd2 Nbd7 7. e4 dxe4 8.
dxe4 Nc5 9. e5 Ng4 10. Re1 c6 11. h3 Nh6 12. Nb3 Nxb3 13. axb3 Qxd1 14. Rxd1 Bf5
15. c3 Bc2 16. Rd7 Bxb3 17. Rxb7 Bd5 18. Raxa7 Nf5 19. g4 Bxf3 20. Bxf3 Nh4 21.
Bxc6 Bxe5 22. Bg5 Bf6 23. Bxf6 exf6 24. Bd5 Rab8 25. Bxf7+ Kh8 26. Bd5 Rxb7 27.
Rxb7 Rd8 28. c4 g5 29. Ra7 Ng6 30. Ra8 Rxa8 31. Bxa8 Kg7 32. c5 Kf7 33. Be4 Nf4
34. Kh2 Ne6 35. Bd5 Ke7 36. Bxe6 Kxe6 37. Kg3 Kd5 38. b4 h6 39. Kf3 {Black
resigns} 1-0

[Event "Team 45 45 League T59"]
[Site "Internet Chess Club"]
[Date "2013.12.07"]
[Round "3"]
[White "mongmong"]
[Black "bmw2002"]
[Result "1-0"]
[WhiteElo "1668"]
[BlackElo "1572"]
[Opening "King's Indian: East Indian defense"]
[ECO "A48"]
[Time "20:06:37"]
[TimeControl "2700+45"]

1. d4 Nf6 2. Nf3 g6 3. c3 Bg7 4. Bg5 O-O 5. Nbd2 d5 6. e3 Bf5 7. Be2 Na6 8. Bxa6
bxa6 9. Qe2 Qd6 10. Bxf6 Bxf6 11. Nb3 Rab8 12. O-O Rb6 13. Nfd2 Qc6 14. f3 Qb5
15. Qxb5 axb5 16. e4 dxe4 17. Nxe4 Bg7 18. Rfe1 Re8 19. a3 c6 20. Nd6 Rd8 21.
Nxf5 gxf5 22. Rxe7 a6 23. Rae1 Bf8 24. R7e5 f4 25. Kf2 Kg7 26. Re8 Rd5 27. Rc8
h5 28. Ree8 Bd6 29. g3 Kf6 30. Rh8 Rg5 31. gxf4 Bxf4 32. Rh6+ Rg6 33. Rxg6+ fxg6
34. Rf8+ Kg5 35. h4+ Kh6 36. Rxf4 {Black resigns} 1-0

[Event "Team 45 45 League T59"]
[Site "Internet Chess Club"]
[Date "2013.12.10"]
[Round "3"]
[White "BrerRabbit"]
[Black "oldsj"]
[Result "1/2-1/2"]
[WhiteElo "1556"]
[BlackElo "1583"]
[Opening "King's Indian: East Indian defense"]
[ECO "A48"]
[Time "10:45:34"]
[TimeControl "2700+45"]

1. d4 Nf6 2. Nf3 g6 3. Nbd2 Bg7 4. e4 d6 5. c3 O-O 6. Bd3 c5 7. dxc5 dxc5 8. Qe2
Nc6 9. O-O e5 10. Re1 Re8 11. Bb5 Qc7 12. Nb3 a6 13. Bd3 b5 14. Nxc5 Na5 15. b4
Bf8 16. Ba3 Bxc5 17. bxc5 Be6 18. h3 Bc4 19. Nd2 Bxd3 20. Qxd3 Rad8 21. Qe2 Nc6
22. Rab1 Nh5 23. g3 Nf6 24. Kg2 Kg7 25. Nb3 Rd7 26. Red1 Red8 27. Rd6 Ne8 28.
Rxd7 Qxd7 29. Rb2 Qd3 30. Qxd3 Rxd3 31. Rc2 Nf6 32. f3 Ng8 33. Kf2 Nge7 34. Ke2
Rd8 35. Bb4 Kf6 36. Ba5 Rd7 37. Bb4 Ke6 38. Rd2 Rxd2+ 39. Kxd2 Kd7 40. Kd3 Kc7
41. Ba3 Ng8 42. Bb4 Nge7 43. Ba3 Kd7 44. Nd2 Kc7 45. Bc1 Kd7 46. a3 Na5 47. Nf1
Nc4 48. Ne3 Nxe3 49. Bxe3 Nc6 50. f4 exf4 51. gxf4 Na5 52. e5 Nc4 53. Bc1 Kc6
54. Kd4 Na5 55. Be3 Nc4 56. Bc1 Na5 57. Be3 {Game drawn by mutual agreement}
1/2-1/2

[Event "Team 45 45 League T59"]
[Site "Internet Chess Club"]
[Date "2013.12.12"]
[Round "3"]
[White "zugknightly"]
[Black "room-matt"]
[Result "1/2-1/2"]
[WhiteElo "1898"]
[BlackElo "1818"]
[Opening "English opening"]
[ECO "A10"]
[Time "15:08:56"]
[TimeControl "2700+45"]

1. c4 g5 2. d4 Bg7 3. Nc3 g4 4. e4 d6 5. Be3 e5 6. d5 c6 7. Qd2 Ne7 8. O-O-O c5
9. Bh6 Bxh6 10. Qxh6 Ng6 11. Qe3 f5 12. exf5 Bxf5 13. g3 h5 14. f4 Nd7 15. Bd3
Ne7 16. Ne4 Bxe4 17. Bxe4 Qa5 18. a3 O-O-O 19. Ne2 Rhf8 20. Rhf1 Nf5 21. Bxf5
Rxf5 22. Nc3 Rdf8 23. Ne4 Kc7 24. Ng5 Kb8 25. Ne6 R8f7 26. Rf2 Nb6 27. Qd3 Qa4
28. Rc2 Nd7 29. Ng5 Rf8 30. Ne6 {Game drawn by mutual agreement} 1/2-1/2

[Event "Team 45 45 League T59"]
[Site "Internet Chess Club"]
[Date "2013.12.08"]
[Round "3"]
[White "jps7"]
[Black "Signalman"]
[Result "0-1"]
[WhiteElo "1719"]
[BlackElo "1667"]
[Opening "Queen's pawn: Yusupov-Rubinstein system"]
[ECO "A40"]
[Time "13:23:22"]
[TimeControl "2700+45"]

1. d4 e6 2. Nf3 Nf6 3. e3 g6 4. Bd3 Bg7 5. O-O O-O 6. b3 d6 7. Ba3 b6 8. Nbd2
Bb7 9. Rc1 Nbd7 10. Re1 a6 11. e4 c5 12. e5 dxe5 13. dxe5 Ng4 14. Nc4 Bxf3 15.
Qxf3 Ngxe5 16. Qg3 Nxc4 17. bxc4 Qb8 18. Qh3 b5 19. Rcd1 b4 20. Bc1 Nb6 21. g3
Na4 22. Be4 Ra7 23. Bf4 Qc8 24. Bh6 Nc3 25. Bxg7 Kxg7 26. Ra1 Nxe4 27. Rxe4 Qc6
28. Rh4 Rh8 29. Qg4 Rd7 30. Qe2 Rhd8 31. Re1 Rd2 32. Qe5+ Kg8 33. Qe3 Rd1 34. h3
Rxe1+ 35. Qxe1 Qf3 36. Rf4 Qd1 37. Re4 a5 38. Kf1 Qxc2 39. Kg2 Qxa2 40. Qe3 Qd2
41. Qxc5 b3 42. Re3 b2 43. Rb3 a4 44. Rb7 Qc2 45. Qb6 Qe4+ 46. Kh2 Rd2 47. Rb8+
Kg7 48. h4 b1=Q 49. Qxb1 Rxf2+ 50. Kh3 Qg2+ 51. Kg4 h5+ 52. Kg5 Qxg3# {White
checkmated} 0-1

[Event "Team 45 45 League T59"]
[Site "Internet Chess Club"]
[Date "2013.12.08"]
[Round "3"]
[White "rayonline53"]
[Black "julesraider"]
[Result "1/2-1/2"]
[WhiteElo "1510"]
[BlackElo "1573"]
[Opening "Caro-Kann: Panov-Botvinnik, normal variation"]
[ECO "B13"]
[Time "11:31:04"]
[TimeControl "2700+45"]

1. e4 c6 2. d4 d5 3. exd5 cxd5 4. c4 Nf6 5. Nc3 Nc6 6. Bg5 e6 7. Nf3 Be7 8. Be2
O-O 9. O-O dxc4 10. Bxc4 a6 11. Bb3 b5 12. Re1 Bb7 13. Qd2 Nb4 14. Qe2 h6 15.
Be3 Rc8 16. h3 Nbd5 17. Nxd5 Nxd5 18. Rac1 Rxc1 19. Rxc1 Nxe3 20. fxe3 Bd6 21.
e4 Re8 22. Qd3 Bb8 23. Kf1 Qb6 24. Rc2 a5 25. a3 b4 26. axb4 Qxb4 27. Bc4 Rc8
28. b3 a4 29. bxa4 Qxa4 30. Kf2 Bxe4 31. Qxe4 Rxc4 32. Rxc4 Qxc4 33. Qb1 Qc7 34.
Qe4 Qg3+ 35. Kf1 Qd6 36. Qb7 Kh7 37. Qxf7 Qa6+ 38. Kf2 Qa2+ 39. Kf1 Bg3 40. Ng5+
hxg5 41. Qh5+ Kg8 42. Qe8+ Kh7 43. Qh5+ Kg8 44. Qe8+ Kh7 45. Qh5+ {Game drawn by
repetition} 1/2-1/2

[Event "Team 45 45 League T59"]
[Site "Internet Chess Club"]
[Date "2013.12.06"]
[Round "3"]
[White "rayngrant"]
[Black "ElMarginal"]
[Result "1-0"]
[WhiteElo "1521"]
[BlackElo "1494"]
[Opening "two knights defense: Fegatello attack"]
[ECO "C57"]
[Time "20:01:07"]
[TimeControl "2700+45"]

1. e4 e5 2. Nf3 Nc6 3. Bc4 Nf6 4. Ng5 d5 5. exd5 Nxd5 6. Nxf7 Kxf7 7. Qf3+ Ke6
8. Nc3 Nb4 9. O-O c6 10. Qe4 Qf6 11. d4 Bd6 12. a3 Na6 13. f4 Bc7 14. Bxd5+ cxd5
15. Qxd5+ Ke7 16. fxe5 Qe6 17. Bg5+ Ke8 18. Qe4 Bb6 19. Nd5 Bd8 20. Bd2 Bd7 21.
Nf4 Qf5 22. Qxb7 Nc7 23. Nd5 Qxc2 24. Rac1 Qxd2 25. Nxc7+ Ke7 26. Nxa8 Qxd4+ 27.
Kh1 Ke8 28. Nc7+ Bxc7 29. Qxc7 Qxb2 30. Rcd1 Qb5 31. e6 Qxf1+ 32. Rxf1 Bxe6 33.
Qb8+ {Black resigns} 1-0

[Event "Team 45 45 League T59"]
[Site "Internet Chess Club"]
[Date "2013.12.07"]
[Round "3"]
[White "justice02"]
[Black "Bookkeeper"]
[Result "1/2-1/2"]
[WhiteElo "1820"]
[BlackElo "1649"]
[Opening "QGD Slav: exchange variation, 6.Bf4 Bf5"]
[ECO "D14"]
[Time "15:01:08"]
[TimeControl "2700+45"]

1. c4 c6 2. Nc3 d5 3. cxd5 cxd5 4. d4 Nf6 5. Nf3 Nc6 6. Bf4 Bf5 7. e3 Qb6 8. Qd2
e6 9. a3 Be7 10. Be2 Rc8 11. O-O O-O 12. h3 Nh5 13. Bh2 Bg6 14. Rfc1 Nf6 15. b4
a6 16. Na4 Qd8 17. Nc5 Ne4 18. Nxe4 Bxe4 19. Rc3 Na7 20. Rac1 Rxc3 21. Rxc3 Bd6
22. Bxd6 Qxd6 23. Qc1 Bxf3 24. Bxf3 Nc6 25. Be2 h6 26. Bxa6 Nxd4 27. Bd3 Nc6 28.
b5 Ne5 29. Bb1 Nc4 30. Qc2 g6 31. Qd3 Qb6 32. a4 Ra8 33. Bc2 Nb2 34. Qd2 Nc4 35.
Qc1 Qa5 36. Bb3 Qb4 37. Bxc4 Rc8 38. Qa3 Rxc4 39. Qxb4 Rxb4 40. Rc8+ Kg7 41. Rc7
Rxa4 42. Rxb7 Rb4 43. Kf1 Rb2 44. b6 Kf6 45. Rb8 Ke5 46. b7 Ke4 47. Rh8 Rxb7 48.
Rxh6 {Game drawn by mutual agreement} 1/2-1/2

[Event "Team 45 45 League T59"]
[Site "Internet Chess Club"]
[Date "2013.12.06"]
[Round "3"]
[White "Nathan-L"]
[Black "badmove"]
[Result "1/2-1/2"]
[WhiteElo "1812"]
[BlackElo "1605"]
[Opening "Levitsky attack (Queen's bishop attack)"]
[ECO "D00"]
[Time "17:26:26"]
[TimeControl "2700+45"]

1. d4 d5 2. Bg5 h6 3. Bh4 c5 4. e3 Nc6 5. Nf3 g5 6. Bg3 Bg7 7. c3 Qb6 8. Qb3 c4
9. Qxb6 axb6 10. Nbd2 b5 11. e4 dxe4 12. Nxe4 f5 13. Ned2 f4 14. Bh4 gxh4 15.
Nxh4 Kf7 16. Be2 Nf6 17. Bf3 Bg4 18. O-O Bxf3 19. Ndxf3 b4 20. Rfd1 Rhd8 21.
cxb4 Nxb4 22. Ne5+ Kg8 23. Nhg6 Nbd5 24. Nxc4 Kh7 25. Nce5 Nd7 26. a3 Nxe5 27.
Nxe5 Ra6 28. Rac1 Re6 29. Nf3 Rc6 30. Rxc6 bxc6 31. Rc1 Rd6 32. a4 Nb4 33. Rc4
Nd3 34. b3 Ne5 35. Nxe5 Bxe5 36. g3 f3 37. Rc3 Bxd4 38. Rxf3 Rf6 39. Kg2 Kg6 40.
b4 Rxf3 41. Kxf3 Bc3 42. b5 cxb5 43. axb5 Kf6 44. Ke4 h5 45. f4 Ba5 46. h3 Bc7
47. g4 h4 48. Kf3 e5 49. f5 Bb6 50. Ke4 Bd4 51. Kd5 Kg5 52. Ke4 Kf6 53. Kd5 Bb6
54. Ke4 Bc7 55. Kd5 Ke7 56. g5 Kf7 57. Ke4 Ke7 58. b6 Bxb6 59. Kxe5 Bc7+ 60. Ke4
Kf7 61. Kf3 Kg7 62. Kg4 Bg3 63. Kh5 Bf2 64. Kg4 Kf7 65. Kf4 {Game drawn by
mutual agreement} 1/2-1/2